 Dungeon Crawl Stone Soup version 0.23-a0-136-g722f094350 (webtiles) character file.

113 StreakAllWn the Skirmisher (level 4, 35/35 HPs)
             Began as a Mummy Wanderer on Aug 28, 2018.
             Quit the game on level 3 of the Dungeon.
             The game lasted 00:20:02 (4015 turns).

StreakAllWn the Skirmisher (Mummy Wanderer)         Turns: 4015, Time: 00:20:03

Health: 35/35      AC:  4    Str: 17    XL:     4   Next: 65%
Magic:  8/8        EV: 12    Int: 12    God:
Gold:   55         SH:  0    Dex:  9    Spells: 5/8 levels left

rFire    x . .     SeeInvis .   b - +0 hunting sling
rCold    + . .     Gourm    .   (no shield)
rNeg     + + +     Faith    .   d - +0 robe
rPois    ∞         Spirit   .   (no helmet)
rElec    .         Reflect  .   (no cloak)
rCorr    .         Harm     .   (no gloves)
MR       .....                  (no boots)
Stlth    +.........             (no amulet)
HPRegen  0.11/turn              h - +2 ring of protection
MPRegen  0.11/turn              (no ring)

@: no status effects
A: no food or potions, fire vulnerability, cold resistance 1, negative energy
resistance 3, torment resistance, unbreathing
a: no special abilities


You were on level 3 of the Dungeon.
You were not hungry.

You visited 1 branch of the dungeon, and saw 3 of its levels.

You collected 55 gold pieces.

Inventory:

Hand Weapons
 a - a +0 dagger of venom
 b - a +0 hunting sling (weapon)
Missiles
 f - 117 stones (quivered)
Armour
 d - a +0 robe (worn)
 e - a +0 plate armour
 g - a +0 chain mail
Jewellery
 h - a +2 ring of protection (left hand)
Scrolls
 c - a scroll of immolation {!r}
 i - a scroll of teleportation {unknown}
 j - a scroll of blinking {unknown}
 k - a scroll of fog {unknown}


   Skills:
 * Level 3.3 Fighting
   Level 1.5 Long Blades
 - Level 1.5 Dodging
   Level 1.0 Shields
 - Level 2.6 Spellcasting
 + Level 1.4 Conjurations
 - Level 1.0 Translocations
 + Level 1.5 Fire Magic
   Level 1.0 Evocations


You had 5 spell levels left.
You knew the following spells:

 Your Spells              Type           Power        Failure   Level  Hunger
a - Flame Tongue          Conj/Fire      #....        14%         1    N/A
b - Blink                 Tloc           N/A          26%         2    N/A

Your spell library contained the following spells:

 Spells                   Type           Power        Failure   Level  Hunger
 Shroud of Golubria       Chrm/Tloc      #.........   30%         2    N/A
 Conjure Flame            Conj/Fire      #.......     38%         3    N/A
 Gell's Gravitas          Tloc           #.........   45%         3    N/A
 Lesser Beckoning         Tloc           #.........   45%         3    N/A
 Teleport Other           Tloc           #.......     45%         3    N/A
 Passage of Golubria      Tloc           N/A          86%         4    N/A

Dungeon Overview and Level Annotations

Branches:
Dungeon (3/15)

Altars:
Trog

Annotations:
D:2 exclusion: downstairs


Innate Abilities, Weirdness & Mutations

You do not eat or drink.
Your flesh is vulnerable to fire.
You are immune to poison.
Your flesh is cold resistant. (rC+)
You are immune to negative energy. (rN+++)
You are immune to unholy pain and torment.
You can survive without breathing.


Message History

Firing (i - inventory)
f - 119 stones (quivered)
Press: ? - help, Shift-Dir - straight line, f/p - orc
Aim: an orc, wielding a whip and wearing a scale mail (severely wounded)
You shoot a stone. The stone barely misses the orc.
The orc barely misses you.
Firing (i - inventory)
f - 118 stones (quivered)
Press: ? - help, Shift-Dir - straight line, f/p - orc
Aim: an orc, wielding a whip and wearing a scale mail (severely wounded)
You shoot a stone. The stone hits the orc.
You kill the orc!
Are you sure you want to abandon this character and quit the game? (Confirm
Okay, then.
Unknown command.
Unknown command.
Unknown command.
You can't drink.
You can't eat.
Unknown command.
Unknown command.
Unknown command.
Are you sure you want to abandon this character and quit the game? (Confirm

#.####.# #<#.....
..#..# #)#.##.#
#.#..# #.#†##.#
#.#.(# ##
#.#.##.## #.#..#
##. #.)...!.#
#.#..# #..
###.##..#
#.#..###..
#.##..###.#..#....
#@##..(((......_..
#..)......##......
####.#######.###..
#....# #.# #..
####># #.# #o.
#†####.###>(
#.##.(..(((.
##.#..#.###..
#..)..#.# #..


There were no monsters in sight!

Vanquished Creatures
  3 adders
  An ooze
  2 worms
  3 dart slugs
  2 leopard geckos
  2 orcs
  A ball python
  A giant cockroach
  8 hobgoblins
  9 jackals
  7 kobolds
  5 bats
  4 frilled lizards
  6 goblins
  9 rats
  A bush
64 creatures vanquished.

Notes
Turn   | Place    | Note
-------+----------+-------------------------------------------
     0 | D:1      | StreakAllWn the Mummy Wanderer began the quest for the Orb.
     0 | D:1      | StreakAllWn set off with: a +0 falchion, a +0 robe
     0 | D:1      | Reached XP level 1. HP: 15/15 MP: 4/4
     2 | D:1      | Learned a level 1 spell: Flame Tongue
   341 | D:1      | Reached XP level 2. HP: 15/21 MP: 0/5
   351 | D:1      | Learned a level 2 spell: Blink
   775 | D:1      | Reached skill level 2 in Fighting
  1350 | D:1      | Reached XP level 3. HP: 16/27 MP: 2/7
  1675 | D:1      | Reached skill level 1 in Fire Magic
  1892 | D:2      | Reached skill level 1 in Conjurations
  2263 | D:2      | Reached XP level 4. HP: 27/34 MP: 1/8
  2767 | D:2      | Reached skill level 3 in Fighting
  3463 | D:3      | StreakAllWn: ??orc priest
  3463 | D:3      | beem: orc priest[1/3]: Generally the nastiest of the orc
                  | family in the early game, and a delightful green colour.
                  | Can {smite} with Beogh's power, and also melees. Regularly
                  | comes in a pack of normal orcs, generally with a orc
                  | wizard, and maybe even a orc warrior.
  3463 | D:3      | StreakAllWn: @?orc priset
  3463 | D:3      | beem: unknown monster: "orc priset"
  3463 | D:3      | StreakAllWn: @?orc priest
  3463 | D:3      | beem: orc priest (o)
                  | Spd:
    10 | HD: 3    | HP: 11-18
                  | AC/EV:
                  | 3/9
                  | Dam: 6
                  | natural, weapons, items, doors, priest, evil
                  | | Res: magic(20)
                  | XP: 41
                  | Sp: cantrip [!AM], pain (d14)
                  | [!AM], smiting (7-17) [!AM], heal other (2d1+3) [!AM]
                  | Sz:
                  | Medium
                  | Int: human.
  3671 | D:3      | Found a bloodstained altar of Trog.
  4015 | D:3      | Quit the game

Vault maps used:
D:1:      minmay_arrival_checkered_box, supply_closet_lemuel, minmay_surrounded
D:2:      serial_forest, infiniplex_forest_lined_room_2,
          infiniplex_forest_clump_small, infiniplex_forest_lined_room_,
          infiniplex_forest_split, infiniplex_forest_lined_room_3,
          infiniplex_forest_fountain, infiniplex_forest_clump_cross,
          minmay_misc_feat_iff
D:3:      bloody_trog, bloody_makhleb, uniq_ijyb

Skill      XL: |  1  2  3  4 |
---------------+-------------+-----
Fighting       | 2 3 |  3.3
Fire Magic     | 1 |  1.5
Conjurations   | 1 |  1.4
Long Blades    | |  1.5
Dodging        | |  1.5
Shields        | |  1.0
Spellcasting   | |  2.6
Translocations | |  1.0
Evocations     | |  1.0

Action                   |  1- 3 |  4- 6 || total
-------------------------+-------+-------++-------
Melee: Falchion          |    15 |       ||    15
       Dagger            |     4 |    73 ||    77
 Fire: Hunting sling     |       |    32 ||    32
Throw: Stone             |    16 |     8 ||    24
 Cast: Flame Tongue      |    72 |    21 ||    93
       Blink             |       |     4 ||     4
  Use: Scroll            |     2 |       ||     2
Armor: Robe              |    10 |    17 ||    27
Dodge: Dodged            |    44 |    28 ||    72
       Rpst.: Falchion   |     6 |       ||     6

Table legend:
 A = Non-vault XP
 B = Vault XP
 C = Vault XP percentage of total XP
 D = Non-vault monster count
 E = Vault monster count
 F = Vault count percentage of total count
                 A         B        C        D         E       F
            +---------+---------+-------+---------+---------+-------
      Total |     156 |       6 |   3.7 |      58 |       5 |   7.9
            +---------+---------+-------+---------+---------+-------
        D:1 |      49 |       6 |  10.9 |      25 |       5 |  16.7
        D:2 |      68 |       0 |   0.0 |      21 |       0 |   0.0
        D:3 |      39 |       0 |   0.0 |      12 |       0 |   0.0
            +---------+---------+-------+---------+---------+-------
